 Dungeon Crawl Stone Soup version 0.24.0-13-gcf9b319 (webtiles) character file.

Game seed: 12605815622438479921, levelgen mode: deterministic

193 Bronimir the Chopper (level 5, -2/42 HPs)
             Began as a Centaur Warper on Apr 12, 2020.
             Slain by an orc (3 damage)
             ... on level 3 of the Dungeon.
             The game lasted 00:03:49 (1978 turns).

Bronimir the Chopper (Centaur Warper)               Turns: 1978, Time: 00:03:50

Health: -2/42      AC:  9    Str: 15    XL:     5   Next: 43%
Magic:  0/7        EV:  9    Int: 12    God:
Gold:   119        SH:  0    Dex:  8    Spells: 1/7 levels left

rFire    . . .     SeeInvis +   a - +0 hand axe
rCold    . . .     Gourm    .   (no shield)
rNeg     . . .     Faith    .   c - +0 ring mail
rPois    .         Spirit   +   y - +2 hat
rElec    .         Reflect  .   (no cloak)
rCorr    .         Harm     .   g - +0 pair of gloves
MR       .....                  (no barding)
Stlth    ..........             m - amulet of guardian spirit
HPRegen  0.14/turn              l - ring of see invisible
MPRegen  0.10/turn              (no ring)

@: very quick
A: large, hooves 3, deformed body, speed 2, tough skin 3
a: no special abilities


You were on level 3 of the Dungeon.
You were hungry.

You visited 1 branch of the dungeon, and saw 3 of its levels.

You collected 119 gold pieces.

Inventory:

Hand Weapons
 a - a +0 hand axe (weapon)
Missiles
 e - 5 boomerangs of dispersal (quivered)
 q - 67 sling bullets
 u - 66 stones
 v - 9 poisoned darts
 A - 19 arrows
Armour
 b - a +0 leather armour
 c - a +0 ring mail (worn)
 g - a +0 pair of gloves (worn)
 y - a +2 hat (worn)
Jewellery
 l - a ring of see invisible (left hand)
 m - an amulet of guardian spirit (around neck)
 t - a cursed ring of teleportation {unknown}
Scrolls
 d - a scroll of blinking
 h - 2 scrolls of identify {unknown}
 k - 7 scrolls of remove curse {unknown}
 n - 2 scrolls of enchant armour {unknown}
 p - a scroll of fog {unknown}
 r - 2 scrolls of immolation {unknown}
 s - 4 scrolls of teleportation {unknown}
 w - a scroll of amnesia {unknown}
 z - a scroll of enchant weapon {unknown}
Potions
 i - 2 potions of curing {unknown}
 j - a potion of heal wounds {unknown}
 o - 2 potions of degeneration {unknown}
 x - a potion of haste {unknown}
Comestibles
 f - 7 rations


   Skills:
 * Level 2.5 Fighting
 * Level 3.8 Axes
 + Level 1.1 Throwing
 * Level 1.8 Armour
 * Level 2.0 Dodging
 + Level 1.7 Spellcasting
 + Level 2.6 Translocations


You had one spell level left.
You knew the following spells:

 Your Spells              Type           Power        Failure   Level  Hunger
a - Blink                 Tloc           N/A          26%         2    ###....
b - Shroud of Golubria    Chrm/Tloc      #.....       43%         2    ###....
c - Call Imp              Summ           #.......     63%         2    ###....

Your spell library contained the following spells:

 Spells                   Type           Power        Failure   Level  Hunger
 Magic Dart               Conj           #...         47%         1    ##.....
 Gell's Gravitas          Tloc           #.........   47%         3    ####...
 Lesser Beckoning         Tloc           #.........   47%         3    ####...
 Teleport Other           Tloc           #.......     47%         3    ####...
 Slow                     Hex            #.......     63%         2    ###....
 Conjure Flame            Conj/Fire      #.......     85%         3    ####...
 Mephitic Cloud           Conj/Pois/Air  #.......     85%         3    ####...
 Passage of Golubria      Tloc           N/A          87%         4    #####..


Dungeon Overview and Level Annotations

Branches:
Dungeon (3/15)

Altars:
Gozag

Annotations:
D:3 3 runed translucent doors, pepper333's ghost, amateur DrAK


Innate Abilities, Weirdness & Mutations

You have hooves in place of feet.
Armour fits poorly on your strangely shaped body.
You cover ground very quickly.
You have extremely tough skin. (AC +3)


Message History

You hit the shadow imp but do no damage.
You hit the orc wizard. The orc hits you but does no damage. x2
The orc priest mumbles some strange prayers to Beogh against you.
Pain shoots through your body!
* * * LOW HITPOINT WARNING * * *
The shadow imp hits you but does no damage.
The orc wizard casts a spell at you. The magic dart hits you.
* * * LOW HITPOINT WARNING * * *
The orc misses you. The orc hits you but does no damage.
You hit the orc priest.
You kill the orc priest!
You hit the orc wizard. You hit the shadow imp. You barely miss the orc.
The shadow imp hits you.
* * * LOW HITPOINT WARNING * * *
The orc wizard casts a spell at you. The magic dart hits you.
* * * LOW HITPOINT WARNING * * *
The orc hits you.
You die...

########## ##.#
......w..###############
...#
......5@................
#...
......o)o###############
... ......o..# ######
#.. .........# #....#
.........####....#
.........#.......#
.........#.......#
.%.......#.......#######
# #.............#


You could see a worm, an orc wizard, a shadow imp and 2 orcs.

Vanquished Creatures
  A bullfrog (D:3)
  An orc priest (D:3)
  3 adders (D:2)
  2 oozes
  2 worms (D:2)
  A leopard gecko (D:1)
  An orc (D:3)
  6 bats
  3 giant cockroaches
  10 goblins
  8 hobgoblins
  4 jackals (D:1)
  3 frilled lizards
  3 kobolds
  9 rats
57 creatures vanquished.

Notes
Turn   | Place    | Note
-------+----------+-------------------------------------------
     0 | D:1      | Bronimir the Centaur Warper began the quest for the Orb.
     0 | D:1      | Reached XP level 1. HP: 17/17 MP: 3/3
    21 | D:1      | Reached skill level 2 in Axes
    26 | D:1      | Reached skill level 1 in Armour
   166 | D:1      | Reached XP level 2. HP: 22/24 MP: 0/4
   351 | D:1      | Reached XP level 3. HP: 21/29 MP: 3/5
   799 | D:2      | Reached skill level 3 in Axes
   931 | D:2      | Reached XP level 4. HP: 25/36 MP: 3/6
  1233 | D:2      | Learned a level 2 spell: Blink
  1236 | D:2      | Learned a level 2 spell: Shroud of Golubria
  1239 | D:2      | Learned a level 2 spell: Call Imp
  1589 | D:3      | Noticed a bullfrog
  1601 | D:3      | Killed a bullfrog
  1601 | D:3      | Reached XP level 5. HP: 7/42 MP: 2/7
  1861 | D:3      | Found a runed translucent gate.
  1861 | D:3      | Found a runed translucent gate.
  1861 | D:3      | Found an opulent altar of Gozag.
  1861 | D:3      | Found a runed translucent gate.
  1861 | D:3      | Noticed pepper333's ghost (amateur DrAK)
  1978 | D:3      | HP: 1/42 [orc wizard/magic dart (2)]
  1978 | D:3      | Slain by an orc

Levels and vault maps discovered:
D:1:      scummos_arrival_hexagon, layout_rooms
D:2:      layout_basic
D:3:      layout_basic, led_sif_pool, first_ration, ebering_ghost_gozag,
          nicolae_ru_awakened_eye

Skill      XL: |  1  2  3  4  5 |
---------------+----------------+-----
Axes           | 2 3 |  3.8
Armour         | 1 |  1.8
Dodging        | 2 |  2.0
Fighting       | |  2.5
Throwing       | |  1.1
Spellcasting   | |  1.7
Translocations | |  2.6

Action                   |  1- 3 |  4- 6 || total
-------------------------+-------+-------++-------
Melee: Hand axe          |   101 |    69 ||   170
       Kick              |    19 |     8 ||    27
  Eat: Chunk             |       |     2 ||     2
Armor: Ring mail         |    46 |    43 ||    89
Dodge: Dodged            |    58 |    30 ||    88
